AoeStats
← Djgama17

African Clearing

510813979Analyzed
4v4 RM · 8h ago on Oct 2, 2026· 62m 46s· 8 players
Game mode
Random Map
Map size
Large (8 player)
Population
200
Speed
Normal
Resources
Standard
Victory
Conquest
Starting age
Dark Age
Ending age
Imperial Age
RankedLock teamsTeams togetherTeam positionsShared explorationLock speedFull tech treeHidden civsTurbo modeCheats
Victory
Defeat
🇷🇴 Aztecs · Romania
602
+10
🇬🇧 Khmer · United Kingdom
497
+13
🇺🇸 Huns · United States
474
+14
🇪🇸 Byzantines · Spain
447
+16
🇺🇸 Lithuanians · United States
587
-19
🇺🇸 Huns · United States
420
-12
🇺🇸 Teutons · United States
415
-12
🇹🇷 Britons · Türkiye
350
-10
Djgama17
5:00 Loom
19:54 Feudal Age
20:26 Double-Bit Axe
20:29 Horse Collar
22:18 Wheelbarrow
24:38 Stone Mining
24:39 Gold Mining
27:21 Wheelbarrow
26:32 Town Watch
31:43 Castle Age
29:35 Man-at-Arms
30:04 Arson
30:20 Scale Mail Armor
30:30 Forging
30:22 Padded Archer Armor
30:12 Fletching
33:56 Bow Saw
35:07 Town Patrol
35:26 Hand Cart
36:05 Heavy Plow
39:11 Eagle Warrior
41:10 Chain Mail Armor
41:30 Iron Casting
42:40 Bodkin Arrow
43:50 Gold Shaft Mining
43:42 Leather Archer Armor
44:27 Squires
44:12 Gambesons
48:27 Imperial Age
47:28 Stone Shaft Mining
46:38 Pikeman
48:34 Heated Shot
48:24 Treadmill Crane
48:40 Murder Holes
48:56 Fortified Wall
49:06 Ballistics
48:32 Elite Eagle Warrior
49:37 Garland Wars
50:24 Blast Furnace
50:31 Crop Rotation
50:44 Plate Mail Armor
50:39 Bracer
50:51 Atlatl
51:12 Conscription
52:43 Coinage
52:13 Caravan
52:35 Siege Engineers
53:32 Chemistry
52:17 Arrowslits
54:24 Banking
53:59 Elite Jaguar Warrior
54:11 Sappers
Montys8th
10:41 Loom
19:06 Feudal Age
19:07 Man-at-Arms
23:04 Scale Mail Armor
30:02 Castle Age
28:25 Town Watch
30:31 Elite Skirmisher
30:31 Crossbowman
35:34 Husbandry
34:55 Light Cavalry
46:45 Double-Bit Axe
46:25 Pikeman
49:49 Wheelbarrow
49:33 Horse Collar
50:31 Bloodlines
54:29 Fletching
54:39 Padded Archer Armor
56:23 Bow Saw
56:20 Tusk Swords
56:50 Heavy Plow
57:04 Caravan
57:46 Forging
57:51 Chain Mail Armor
57:32 Bodkin Arrow
57:37 Padded Archer Armor
63:23 Imperial Age
61:09 Hand Cart
60:55 Town Patrol
60:19 Long Swordsman
SegrePuigmal
16:12 Feudal Age
17:30 Double-Bit Axe
27:48 Castle Age
25:53 Horse Collar
26:30 Scale Mail Armor
29:03 Bow Saw
29:27 Heavy Plow
29:06 Pikeman
31:38 Chain Mail Armor
41:28 Imperial Age
39:40 Padded Archer Armor
39:31 Fletching
39:53 Forging
43:04 Elite Varangian Guard
44:40 Plate Mail Armor
44:57 Gold Mining
46:26 Conscription
46:54 Halberdier
49:03 Iron Casting
49:46 Arson
50:03 Squires
49:49 Gambesons
51:46 Leather Archer Armor
57:57 Ring Archer Armor
57:23 Bodkin Arrow
58:45 Elite Skirmisher
61:06 Bracer
62:22 Chemistry
Ambwind
5:48 Loom
16:02 Feudal Age
21:55 Wheelbarrow
26:38 Man-at-Arms
39:13 Castle Age
37:30 Forging
37:20 Scale Mail Armor
40:20 Chain Mail Armor
40:41 Iron Casting
41:09 Long Swordsman
41:49 Squires
41:35 Arson
47:33 Hand Cart
64:09 Imperial Age
61:40 Double-Bit Axe
Burak Krhn
6:31 Loom
16:58 Feudal Age
17:33 Town Watch
41:45 Double-Bit Axe
45:36 Wheelbarrow
46:05 Man-at-Arms
Marsha7392
8:18 Loom
20:45 Feudal Age
22:21 Wheelbarrow
21:33 Town Watch
32:18 Castle Age
32:32 Bloodlines
wreakzhavoc
4:51 Loom
6:21 Loom
16:05 Feudal Age
16:57 Double-Bit Axe
19:50 Man-at-Arms
23:12 Arson
23:48 Bloodlines
31:27 Castle Age
40:18 Redemption
41:49 Husbandry
42:00 Scale Barding Armor
42:05 Forging
46:45 Imperial Age
45:37 Town Watch
46:46 Iron Casting
46:32 Chain Barding Armor
FruliDains
9:43 Loom
24:55 Feudal Age
38:36 Castle Age
36:58 Man-at-Arms
38:52 Forging
38:43 Scale Mail Armor
Connection lost

Rejoining the realm…

Still unreachable

The connection could not be restored.

Session expired

The server has moved on; the page needs a fresh start.